 Dungeon Crawl Stone Soup version 0.29.1 (webtiles) character file.

Game seed: 3620859645603402647

12439 groovy9 the Brawler (level 11, -8/94 HPs)
             Began as a Troll Fighter on Sept 12, 2022.
             Was a Priest of Wu Jian.
             Mangled by a minotaur zombie (20 damage)
             ... in a Gauntlet.
             The game lasted 00:31:30 (8599 turns).

groovy9 the Brawler (Troll Fighter)                 Turns: 8599, Time: 00:31:30

Health: -8/94      AC:  5    Str: 26    XL:     11   Next: 62%
Magic:  10/10      EV:  8    Int:  6    God:    Wu Jian [***...]
Gold:   755        SH:  8    Dex:  9    Spells: 10/10 levels left

rFire   + + .      SeeInvis .     - Unarmed
rCold   + + .      Faith    .   b - +1 kite shield
rNeg    . . .      Spirit   .   r - +0 robe {rC+ rF+}
rPois   +          Reflect  .   (helmet restricted)
rElec   +          Harm     .   l - +0 cloak
rCorr   +          Rampage  .   (gloves unavailable)
Will    +....      NoTele   +   (boots unavailable)
Stlth   +.........              e - amulet of the acrobat
HPRegen 1.05/turn               i - ring of willpower
MPRegen 0.12/turn               q - +4 ring of slaying

@: resistant, hasted, very quick
A: large, unfitting armour, claws 3, regeneration 1, shaggy fur 1, tough skin 1,
dopey 1, no potion heal 1
a: Renounce Religion, Wall Jump, Serpent's Lash


You were in a Gauntlet.
You worshipped Wu Jian.
Wu Jian was most pleased with you.
You visited 2 branches of the dungeon, and saw 12 of its levels.
You also visited: Gauntlet.

You collected 755 gold pieces.

Inventory:

Missiles
 a - 3 javelins
 o - 4 boomerangs
 u - 6 large rocks (quivered)
Armour
 b - a +1 kite shield (worn)
 l - a +0 cloak (worn)
 r - a +0 robe of resistance (worn)
 D - a +0 troll leather armour
Jewellery
 e - an amulet of the acrobat (around neck)
 f - a ring of resist corrosion
 i - a ring of willpower (left claw)
 q - a +4 ring of slaying (right claw)
 t - an amulet of guardian spirit
 C - a ring of flight
Wands
 g - a wand of flame (21)
 p - a wand of iceblast (7)
 w - a wand of quicksilver (22)
 A - a wand of charming (7)
 G - a wand of polymorph (3)
Scrolls
 n - 5 scrolls of teleportation
 x - 3 scrolls of enchant armour
 y - a scroll of fear
 B - 3 scrolls of identify
 F - a scroll of immolation
Potions
 c - a potion of ambrosia
 d - 6 potions of curing
 h - 2 potions of heal wounds
 j - 2 potions of lignification
 k - a potion of degeneration
 m - a potion of magic
 v - 2 potions of brilliance
 z - a potion of mutation


   Skills:
 - Level 2.4 Fighting
 - Level 2.4 Dodging
 - Level 2.6 Shields
 * Level 16.0 Unarmed Combat
 + Level 10.2 Evocations


You had 10 spell levels left.
You didn't know any spells.
Your spell library contained the following spells:

 Spells                   Type           Power      Damage    Failure   Level
 Apportation              Tloc           0%         N/A       77%         1
 Foxfire                  Conj/Fire      0%         2x1d4     77%         1
 Freeze                   Ice            0%         1d3       77%         1
 Necrotise                Necr           0%         1d4       77%         1
 Conjure Flame            Conj/Fire      0%         6-21      98%         3
 Frozen Ramparts          Ice            0%         1d1       98%         3
 Inner Flame              Hex/Fire       0%         N/A       98%         3
 Stone Arrow              Conj/Erth      0%         3d7       98%         3
 Vampiric Draining        Necr           0%         2d6       98%         3
 Animate Armour           Summ/Erth      0%         N/A       100%        4
 Flame Wave               Conj/Fire      0%         2d4       100%        4
 Hailstorm                Conj/Ice       0%         3d3       100%        4
 Agony                    Necr           0%         N/A       100%        5
 Alistair's Intoxication  Tmut/Pois      0%         N/A       100%        5
 Lehudib's Crystal Spear  Conj/Erth      0%         10d2      100%        8


Dungeon Overview and Level Annotations

Branches:
Dungeon (11/15)            Temple (1/1) D:4            Lair (0/5) D:8
Gauntlet (1/1)
    Orc: D:9-12

Altars:
Ashenzari
Cheibriados
Dithmenos
Elyvilon
Fedhas
Gozag
Hepliaklqana
Kikubaaqudgha
Makhleb
Nemelex Xobeh
Okawaru
Qazlal
Ru
Sif Muna
Trog
Uskayaw
Vehumet
Wu Jian
Xom
Yredelemnul
Zin
The Shining One

Shops:
D:10 ((

Annotations:
Gauntlet 4 transporters


Innate Abilities, Weirdness & Mutations

You are too large for most types of armour.
You have claws for hands.
Your natural rate of healing is unusually fast.
You are covered in fur. (AC +1)
You have tough skin. (AC +1)
You are dopey. (Int -2)
Potions are less effective at restoring your health.


Message History

You feel protected.
The minotaur hits you with a +2 hand crossbow of freezing!!
The minotaur gores you.
You mangle the minotaur!!
The minotaur is moderately wounded.
You barely miss the minotaur.
The minotaur is moderately wounded.
The minotaur hits you with a +2 hand crossbow of freezing.
You block the minotaur's attack.
You scratch the minotaur but do no damage.
The minotaur is moderately wounded.
You claw the minotaur!
The minotaur is moderately wounded.
The minotaur hits you with a +2 hand crossbow of freezing!
The minotaur gores you!
* * * LOW HITPOINT WARNING * * *
You spin and attack the minotaur.
You barely miss the minotaur.
The minotaur is moderately wounded.
The minotaur shoots a bolt.
You block the bolt.
Your system partially rejects the healing.
You feel much better.
The minotaur shoots a bolt.
The bolt hits you!
You lunge at the minotaur zombie.
You claw the minotaur zombie!
The minotaur zombie is moderately damaged.
The minotaur zombie hits you!!
* * * LOW HITPOINT WARNING * * *
The minotaur zombie gores you!
* * * LOW HITPOINT WARNING * * *
You lunge at the minotaur zombie.
You mangle the minotaur zombie!!
The minotaur zombie is heavily damaged.
The minotaur zombie completely misses you.
You block the minotaur zombie's attack.
Your system partially rejects the healing.
You feel much better. You block the minotaur's attack. The minotaur gores you!
* * * LOW HITPOINT WARNING * * *
You scratch the minotaur but do no damage.
The minotaur is moderately wounded.
You scratch the minotaur.
The minotaur is moderately wounded.
The minotaur zombie hits you!!
You die...

##'### #.⌠..# #...⌠+
⌠... ..∩ #.#
#######'#######
#.@Z..........#
#H###.###.###.#
#...H........
###.###.###.#
#####.###.###.#####
##≈...............≈##
#≈≈..8©8©8©8©8©8..≈≈#
##≈...............≈#
### ### ###
################### #


You could see a minotaur and a minotaur zombie.

Vanquished Creatures
  A quicksilver ooze (Gauntlet)
  2 two-headed ogres
  Joseph (D:10)
  A komodo dragon (D:8)
  An unseen horror (D:10)
  A freezing wraith (D:9)
  4 unseen horror zombies (D:9)
  A meliai (shapeshifter) (Gauntlet)
  4 trolls
  Prince Ribbit (D:5)
  3 centaur simulacra (Gauntlet)
  4 yaks
  Sigmund (D:3)
  2 wyverns (D:9)
  3 wraiths
  A neqoxec (Gauntlet)
  A steam dragon (D:8)
  A redback (shapeshifter) (Gauntlet)
  4 chaos spawn (Gauntlet)
  3 water moccasins (D:8)
  A meliai simulacrum (Gauntlet)
  3 black bears (D:8)
  3 ice beasts
  An ice dragon simulacrum (Gauntlet)
  2 sky beasts
  2 orc warriors
  4 centaurs
  3 small abominations (Gauntlet)
  A kobold brigand (D:10)
  3 bullfrogs
  4 necrophages
  A scorpion (D:8)
  8 wights
  4 killer bees (D:10)
  A human zombie (D:9)
  Crazy Yiuf (D:3)
  A centaur zombie (D:9)
  3 hounds
  4 orc priests
  3 jellies
  Natasha (thrice) (D:3)
  Terence (D:2)
  4 iguanas
  6 orc wizards
  A mummy (D:9)
  2 howler monkey zombies (D:9)
  8 gnolls
  8 adders
  A white imp (D:7)
  An ufetubus (D:5)
  A worm (D:3)
  4 dart slugs
  24 orcs
  7 endoplasms
  4 giant cockroaches
  8 goblins
  6 hobgoblins
  11 jackals
  4 quokkas
  8 ball pythons
  5 bats
  2 frilled lizards (D:1)
  14 kobolds
  23 rats
  A spectral goblin (D:7)
250 creatures vanquished.

Vanquished Creatures (others)
  30 fungi (D:8)
  30 plants (D:8)
60 creatures vanquished.

Grand Total: 310 creatures vanquished

Notes
Turn   | Place    | Note
-------+----------+-------------------------------------------
     0 | D:1      | groovy9 the Troll Fighter began the quest for the Orb.
     0 | D:1      | Reached XP level 1. HP: 22/22 MP: 0/0
    76 | D:1      | Reached XP level 2. HP: 24/29 MP: 1/1
    79 | D:1      | Reached skill level 3 in Unarmed Combat
   540 | D:1      | Reached XP level 3. HP: 36/36 MP: 2/2
   781 | D:2      | Reached skill level 4 in Unarmed Combat
   807 | D:2      | Noticed Terence
   816 | D:2      | Killed Terence
   817 | D:2      | Reached XP level 4. HP: 34/44 MP: 3/3
   877 | D:2      | Found a faded altar of an unknown god.
  1076 | D:2      | Reached skill level 5 in Unarmed Combat
  1215 | D:3      | Found an iron altar of Okawaru.
  1328 | D:3      | Found a runed translucent door.
  1329 | D:3      | Noticed Crazy Yiuf
  1378 | D:3      | Killed Crazy Yiuf
  1379 | D:3      | Reached XP level 5. HP: 31/50 MP: 4/4
  1401 | D:3      | Identified the +8 hammer of an ossuary {freeze, Str-2 Int+6
                  | SInv Stlth+}
  1761 | D:3      | Noticed Natasha
  1768 | D:3      | Killed Natasha
  1769 | D:3      | Reached skill level 6 in Unarmed Combat
  1817 | D:3      | Noticed Sigmund
  1826 | D:3      | Killed Sigmund
  1827 | D:3      | Reached skill level 7 in Unarmed Combat
  1827 | D:3      | Reached XP level 6. HP: 49/59 MP: 5/5
  1885 | D:3      | Noticed Natasha
  1888 | D:3      | Killed Natasha
  1897 | D:3      | Noticed Natasha
  1900 | D:3      | Killed Natasha
  2152 | D:4      | Identified the +1 chain mail of Gaejer {Rampage Drain rElec
                  | SInv}
  2268 | D:4      | Found a staircase to the Ecumenical Temple.
  2273 | D:4      | Reached XP level 7. HP: 66/66 MP: 6/6
  2278 | Temple   | Entered the Ecumenical Temple
  2773 | D:4      | Reached skill level 8 in Unarmed Combat
  2874 | D:5      | Entered Level 5 of the Dungeon
  3103 | D:5      | Reached skill level 9 in Unarmed Combat
  3235 | D:5      | Reached skill level 1 in Evocations
  3235 | D:5      | Reached XP level 8. HP: 61/74 MP: 7/7
  3289 | D:5      | Noticed Prince Ribbit
  3296 | D:5      | Killed Prince Ribbit
  3335 | D:5      | Found an ornate altar of the Wu Jian Council.
  3350 | D:5      | Reached skill level 10 in Unarmed Combat
  3355 | D:5      | Became a worshipper of the Wu Jian Council
  4018 | D:6      | Found a burning altar of Makhleb.
  4019 | D:6      | Found a broken altar of Ashenzari.
  4281 | D:6      | Noticed a troll
  4287 | D:6      | Killed a troll
  4288 | D:6      | Reached skill level 11 in Unarmed Combat
  4473 | D:6      | Found a glowing golden altar of the Shining One.
  4729 | D:7      | Reached XP level 9. HP: 77/80 MP: 8/8
  4890 | D:7      | Found a hazy altar of Hepliaklqana.
  4958 | D:7      | Reached skill level 5 in Evocations
  5169 | D:7      | Reached * piety under Wu Jian
  5489 | D:8      | Noticed a two-headed ogre
  5495 | D:8      | Killed a two-headed ogre
  5496 | D:8      | Reached skill level 12 in Unarmed Combat
  5641 | D:8      | Noticed a komodo dragon
  5838 | D:8      | Found a staircase to the Lair.
  5851 | D:8      | Reached XP level 10. HP: 86/88 MP: 9/9
  5877 | D:8      | Reached skill level 13 in Unarmed Combat
  5979 | D:8      | Found a sparkling altar of Nemelex Xobeh.
  6350 | D:9      | Reached ** piety under Wu Jian
  6483 | D:9      | Found a basalt altar of Yredelemnul.
  6575 | D:9      | Reached skill level 14 in Unarmed Combat
  6951 | D:9      | Found a blossoming altar of Fedhas.
  6964 | D:9      | Reached XP level 11. HP: 55/94 MP: 10/10
  7017 | D:9      | Found a shadowy altar of Dithmenos.
  7192 | D:10     | Entered Level 10 of the Dungeon
  7215 | D:10     | Found Eheeheq's Antique Weapon Shop.
  7372 | D:10     | Reached skill level 15 in Unarmed Combat
  7552 | D:10     | Found Kinurgh's Antique Weapon Shoppe.
  7600 | D:10     | Noticed Joseph
  7614 | D:10     | Killed Joseph
  7676 | D:10     | Noticed a two-headed ogre
  7683 | D:10     | Killed a two-headed ogre
  7973 | D:11     | Found a gate leading to a gauntlet.
  7979 | Gauntlet | Entered a Gauntlet
  7979 | Gauntlet | Found a transporter.
  7989 | Gauntlet | Found a transporter.
  7992 | Gauntlet | Found a transporter.
  7993 | Gauntlet | Found a transporter.
  8004 | Gauntlet | Found a transporter.
  8005 | Gauntlet | Found a transporter.
  8005 | Gauntlet | Found a transporter.
  8015 | Gauntlet | Found a transporter.
  8017 | Gauntlet | Found a transporter.
  8018 | Gauntlet | Found a transporter.
  8022 | Gauntlet | Noticed a quicksilver ooze
  8030 | Gauntlet | Found a transporter.
  8030 | Gauntlet | Found a transporter.
  8031 | Gauntlet | Found a transporter.
  8040 | Gauntlet | Found a transporter.
  8089 | Gauntlet | Found a runed translucent door.
  8233 | Gauntlet | Gained mutation: You are dopey. (Int -2) [a neqoxec]
  8235 | Gauntlet | Gained mutation: Potions are less effective at restoring
                  | your health. [a neqoxec]
  8290 | Gauntlet | Noticed an orb spider
  8291 | Gauntlet | Noticed a lindwurm
  8291 | Gauntlet | an orb spider changed into a lindwurm
  8297 | Gauntlet | a lindwurm changed into a swamp worm
  8321 | Gauntlet | Reached skill level 10 in Evocations
  8418 | Gauntlet | Killed a quicksilver ooze
  8523 | Gauntlet | Reached *** piety under Wu Jian
  8539 | Gauntlet | Reached skill level 16 in Unarmed Combat
  8575 | Gauntlet | Identified the amulet "Asoule" {RegenMP rN++ Int-4}
  8575 | Gauntlet | Noticed a minotaur
  8599 | Gauntlet | Mangled by a minotaur zombie

Illustrated notes

Levels and vault maps discovered:
D:1:      amcnicky_arrival_wind_blow, layout_basic, nrook_loot_triangle
D:2:      layout_basic, dreamdust_ecumenical_altar_grove, cheibrodos_gnoll_hut,
          uniq_terence
D:3:      layout_basic, lemuel_tele_altar, corexii_hall_statues_i,
          minmay_misc_feat_hallway, minmay_joined_circles, uniq_sigmund,
          uniq_crazy_yiuf_cottage, uniq_natasha
D:4:      layout_loops_cross, minmay_temple_entry_proselytizer,
          kennysheep_cluttered_room, minmay_rat_hole
D:5:      layout_basic, old_standard_altar, chequers_jeans, minmay_manual_moon,
          uniq_prince_ribbit1
D:6:      layout_loops_ring, tso_altar,
          chequers_temple_overflow_statue_of_worship
D:7:      layout_gridville, nicolae_hepliaklqana_monster_ancestors
D:8:      layout_basic, lemuel_crystal_altar, due_lair_maze_entry_diamond,
          nicolae_kite_square_tiling_tiny, corexii_mini_fake_secret_closet
D:9:      layout_roguey, mainiacjoe_overflow_alcove_1,
          lemuel_mausoleum_altar_yredelemnul, mainiacjoe_overflow_brackets
D:10:     layout_roguey, serial_shops, nicolae_diamond_shop, shop,
          serial_bayou_pond_e, dreamdust_princess_bridge, uniq_joseph
D:11:     nicolae_hexawheel, layout_cave_pools, orc_0_dummy,
          gauntlet_entry_generic, muffindrake_ghost_dual_entry
Temple:   nicolae_temple_ecumenical_triangle
Gauntlet: gammafunk_gauntlet_77_escape_option [minmay_gauntlet_arena_77_mirror,
          minmay_gauntlet_arena_77_path, minmay_gauntlet_arena_77_mess,
          minmay_gauntlet_arena_77_chump_sandwich, minmay_gauntlet_arena_77_fan,
          gauntlet_exit_hidden_loot]

Skill      XL: |  1  2  3  4  5  6  7  8  9 10 11 |
---------------+----------------------------------+-----
Unarmed Combat | 3 4 5 7 9 11 12 14 16 | 16.0
Evocations     | 1 4 7 9 10 | 10.2
Fighting       | |  2.4
Dodging        | |  2.4
Shields        | |  2.6

Action                   |  1- 3 |  4- 6 |  7- 9 | 10-12 || total
-------------------------+-------+-------+-------+-------++-------
Melee: Unarmed           |    87 |   142 |   298 |   247 ||   774
Throw: Boomerang         |       |       |     3 |       ||     3
       Large rock        |       |       |     1 |     4 ||     5
Invok: Lunge             |       |       |    17 |    22 ||    39
       Whirlwind         |       |       |       |     2 ||     2
  Use: Scroll            |     3 |     7 |    11 |     1 ||    22
       Potion            |       |     1 |       |     5 ||     6
Armor: Robe              |    28 |    26 |    56 |    29 ||   139
       Troll leather arm |       |       |       |    20 ||    20
Dodge: Dodged            |    44 |    51 |    75 |    66 ||   236
Block: Kite shield       |    41 |    40 |    94 |    82 ||   257
